 Dungeon Crawl Stone Soup version 0.30-a0-141-g30f27751c5 (webtiles) character file.

Game seed: 16846498121301081996

46 Tenar the Shield-Bearer (level 3, -19/30 HPs)
             Began as a Formicid Fighter on Sept 25, 2022.
             Killed by an exploding ball python skeleton (49 damage)
             ... ignited by their inner flame
             ... on level 2 of the Dungeon.
             The game lasted 00:02:22 (1288 turns).

Tenar the Shield-Bearer (Formicid Fighter)          Turns: 1288, Time: 00:02:22

Health: -19/30     AC:  6    Str: 22    XL:     3   Next: 95%
Magic:  3/3        EV:  9    Int:  7    God:
Gold:   92         SH:  6    Dex: 13    Spells: 0/2 levels left

rFire   . . .      SeeInvis +    a - +0 war axe
rCold   . . .      Faith    .    c - +1 buckler
rNeg    . . .      Spirit   .    b - +0 scale mail
rPois   .          Reflect  .    (helmet unavailable)
rElec   .          Harm     .    (no cloak)
rCorr   .          Rampage  .    (no gloves)
Will    .....                    (no boots)
Stlth   ..........               (no amulet)
HPRegen 0.10/turn                (no ring)
MPRegen 0.08/turn                (no ring)

@: no status effects
A: permanent stasis, dig shafts and tunnels, antennae 3, four strong arms
a: Dig, Shaft Self


You were on level 2 of the Dungeon.
You visited 1 branch of the dungeon, and saw 2 of its levels.

You collected 92 gold pieces.

Inventory:

Hand Weapons
 a - a +0 war axe (weapon)
Armour
 b - a +0 scale mail (worn)
 c - a +1 buckler (worn)
Jewellery
 f - a ring of fire
Scrolls
 g - a scroll of butterflies
Potions
 d - a potion of might
 e - 3 potions of curing {unknown}


   Skills:
 + Level 3.7 Fighting
 * Level 2.9 Axes
 + Level 3.6 Armour
 + Level 4.5 Shields


You couldn't memorise any spells.
You knew the following spells:

 Your Spells              Type           Power      Damage    Failure   Level
a - Passwall              Tmut/Erth      0%         N/A       92%         2

Your spell library contained the following spells:

 Spells                   Type           Power      Damage    Failure   Level
 Foxfire                  Conj/Fire      0%         2x1d4     83%         1
 Sandblast                Erth           0%         2d4       83%         1
 Inner Flame              Hex/Fire       0%         N/A       99%         3
 Kindle Blastsparks       Fire/Tloc/Air  0%         2d10      99%         3
 Stone Arrow              Conj/Erth      0%         3d7       99%         3
 Flame Wave               Conj/Fire      0%         2d4       100%        4


Dungeon Overview and Level Annotations

Branches:
Dungeon (2/15)

Altars:


Innate Abilities, Weirdness & Mutations

You cannot be hasted, slowed, berserked, paralysed or teleported.
You can dig through walls and to a lower floor.
You have a pair of large antennae on your head. (SInv)
Your four strong arms can wield two-handed weapons with a shield.


Message History

You hit the ball python.
You kill the ball python!
No target in view!
No target in view!
Found a stone staircase leading down.
Health restored: 30 No target in view!
You now have 92 gold pieces (gained 18).
You sense a monster nearby.
There is a stone staircase leading down here.
No target in view!
A frilled lizard comes into view.
The frilled lizard hisses angrily.
You see here a scroll labelled KIGUAR HAKESO.
A frilled lizard is nearby!
You slash the frilled lizard!
You kill the frilled lizard!
i - a scroll labelled KIGUAR HAKESO No target in view!
You see here a frilled lizard corpse.
You sense a monster nearby.
No target in view!
A ball python skeleton comes into view.
A ball python zombie and a rat come into view.
Found 15 gold pieces.
Found 7 gold pieces.
As you read the scroll labelled HUUKURGH BAOPOMP, it crumbles to dust.
The creatures around you are filled with an inner flame!
It was a scroll of immolation.
As you read the scroll labelled KIGUAR HAKESO, it crumbles to dust.
It is a scroll of enchant armour.
Your +0 buckler glows green for a moment.
The ball python skeleton barely misses you.
The ball python skeleton grabs you.
The ball python skeleton constricts you.
You slash the ball python skeleton!
The ball python skeleton explodes!
The fiery explosion engulfs you!!!
Ouch! That really hurt!
You die...

#.#$ ##### #.#.# P..
#...### ##..P. .Z.$
...... ....8 ###{..
#...# #.88 ...8.{
##.######.###..§ ...#
..............§§##.{.#
##>####### #@#...#
.....# ##.# .....##
######.# ......#
#......#
......######.######
......##...#.#
##.##.†....#.#
#.##.##...#.# #.
#.###....#


There were no monsters in sight!

Vanquished Creatures
  An adder (D:2)
  A worm (D:2)
  A dart slug (D:1)
  5 bats
  2 endoplasms (D:1)
  2 giant cockroaches (D:1)
  3 goblins
  2 hobgoblins (D:1)
  2 jackals (D:1)
  4 ball pythons
  A ball python skeleton (D:2)
  2 frilled lizards
  4 kobolds (D:1)
  3 rats (D:1)
33 creatures vanquished.

Notes
Turn   | Place    | Note
-------+----------+-------------------------------------------
     0 | D:1      | Tenar the Formicid Fighter began the quest for the Orb.
     0 | D:1      | Reached XP level 1. HP: 18/18 MP: 1/1
   217 | D:1      | Reached XP level 2. HP: 24/24 MP: 2/2
   439 | D:1      | Reached XP level 3. HP: 29/29 MP: 3/3
   755 | D:1      | Found a faded altar of an unknown god.
   997 | D:1      | Learned a level 2 spell: Passwall
  1288 | D:2      | Killed by an exploding ball python skeleton... ignited by
                  | their inner flame

Illustrated notes

Levels and vault maps discovered:
D:1:      dpeg_arrival_central, layout_basic,
          shapermc_ecumenical_altar_mp_ritualfount, palyth_stone_intersect,
          minivault_19, minmay_statues_item
D:2:      layout_loops_ring, serial_undead, serial_undead_e, serial_undead_c,
          serial_undead_a, serial_undead_c

Action                   || total
-------------------------++-------
Melee: War axe           ||    74
 Abil: Dig               ||     1
  Use: Scroll            ||     3
Armor: Scale mail        ||    28
Dodge: Dodged            ||    43
Block: Buckler           ||    14

Table legend: (Time is in decaauts)
 A = Elapsed time spent in this place.
 B = Non-inter-level travel time spent in this place.
 C = Inter-level travel time spent in this place.
 D = Time resting spent in this place.
 E = Time spent auto-exploring this place.
 F = Levels seen in this place.
 G = Mean time per level.
                   A        B        C        D        E       F      G
               +--------+--------+--------+--------+--------+-----+--------+
         Total |   1318 |   1180 |    138 |      0 |    942 |   2 |  659.0 |
       Dungeon |   1318 |   1180 |    138 |      0 |    942 |   2 |  659.0 |
               +--------+--------+--------+--------+--------+-----+--------+

Top non-repeatable levels by time:
     D:1: 1047 daAuts
     D:2: 270 daAuts
